 Dungeon Crawl Stone Soup version 0.27.1-3-gb3d3a73c9e (webtiles) character file.

Game seed: 13630725350853156181

237 Araneus the Poker (level 5, -1/41 HPs)
             Began as a Demonspawn Fighter on Oct 8, 2021.
             Killed from afar by Dowan (14 damage)
             ... with a shard of ice
             ... on level 4 of the Dungeon.
             The game lasted 00:05:26 (2990 turns).

Araneus the Poker (Demonspawn Fighter)              Turns: 2990, Time: 00:05:26

Health: -1/41      AC: 10    Str: 18    XL:     5   Next: 77%
Magic:  5/5        EV:  7    Int:  9    God:
Gold:   175        SH:  8    Dex: 12    Spells: 4/4 levels left

rFire    . . .     SeeInvis .   a - +0 trident
rCold    . . .     Faith    .   c - +0 kite shield
rNeg     + . .     Spirit   .   b - +0 scale mail
rPois    .         Reflect  .   (no helmet)
rElec    .         Harm     .   (no cloak)
rCorr    .         Rampage  .   (no gloves)
Will     .....                  (no boots)
Stlth    ..........             (no amulet)
HPRegen  0.13/turn              l - +4 ring of protection
MPRegen  0.09/turn              o - ring of positive energy

@: no status effects
A: foul stench 2
a: no special abilities


You were on level 4 of the Dungeon.
You visited 1 branch of the dungeon, and saw 4 of its levels.

You collected 175 gold pieces.

Inventory:

Hand Weapons
 a - a +0 trident (weapon)
Armour
 b - a +0 scale mail (worn)
 c - a +0 kite shield (worn)
Jewellery
 l - a +4 ring of protection (left hand)
 o - a ring of positive energy (right hand)
Scrolls
 e - 2 scrolls of identify {unknown}
 g - a scroll of holy word {unknown}
 h - a scroll of vulnerability {unknown}
 j - a scroll of immolation {unknown}
 m - a scroll of amnesia {unknown}
 p - a scroll of magic mapping {unknown}
Potions
 d - a potion of might
 i - a potion of mutation {unknown}
 k - a potion of brilliance {unknown}
 n - 2 potions of lignification {unknown}


   Skills:
 - Level 3.0 Fighting
 + Level 5.6 Polearms
 - Level 2.6 Armour
 - Level 2.6 Shields


You had 4 spell levels left.
You didn't know any spells.
Your spell library contained the following spells:

 Spells                   Type           Power      Damage    Failure   Level
 Sublimation of Blood     Necr           0%         N/A       100%        2
 Petrify                  Tmut/Erth      0%         N/A       100%        4
 Irradiate                Conj/Tmut      0%         3d13      100%        5


Dungeon Overview and Level Annotations

Branches:
Dungeon (4/15)
 Temple: D:4-7

Altars:
Makhleb

Annotations:
D:4 Dowan


Innate Abilities, Weirdness & Mutations

You sometimes emit foul miasma when damaged in melee.


Message History

You closely miss Dowan.
Dowan casts a spell.
Dowan blinks!
You hit Dowan.
Dowan is moderately wounded.
Dowan casts a spell.
Dowan blinks!
You hit Dowan.
Dowan is heavily wounded.
You block Dowan's attack. x2
You hit Dowan but do no damage.
Dowan is heavily wounded.
Dowan points at you and mumbles some strange words.
The stone arrow hits you. You block Dowan's attack.
You closely miss Dowan.
Dowan is heavily wounded.
Dowan hits you with a +0 dagger. Dowan hits you but does no damage.
You hit Dowan but do no damage.
Dowan is heavily wounded.
Dowan gestures at you while chanting. The shard of ice hits you!
You block Dowan's attack.
You are too injured to fight recklessly!
You hit Dowan.
Dowan is heavily wounded.
You block Dowan's attack. Dowan hits you with a +0 dagger.
You barely miss Dowan.
Dowan is heavily wounded.
Dowan hits you but does no damage. Dowan hits you with a +0 dagger.
* * * LOW HITPOINT WARNING * * *
You closely miss Dowan.
Dowan is heavily wounded.
Dowan casts a spell at you. The stone arrow hits you!
* * * LOW HITPOINT WARNING * * *
It was a potion of curing.
You feel better.
Dowan mumbles some strange words.
Dowan blinks!
Dowan casts a spell at you. The shard of ice hits you!
You die...

#....
#.#.## #
###..<.## +
+....#..# #
###.###.#
#..#.##
#.#..###.#
#..)ยง....#
####@#####
#.# #e# #(#
#(# #(# #(#
### ..# ...
###


You could see Dowan (fast).

Vanquished Creatures
  Duvessa (D:4)
  A hound (D:3)
  Jessica (D:2)
  2 adders
  3 worms
  2 dart slugs
  2 orcs (D:3)
  An endoplasm (D:3)
  A giant cockroach (D:1)
  5 goblins
  6 hobgoblins
  3 jackals (D:1)
  3 ball pythons
  5 bats
  5 frilled lizards
  6 kobolds
  7 rats
54 creatures vanquished.

Notes
Turn   | Place    | Note
-------+----------+-------------------------------------------
     0 | D:1      | Araneus the Demonspawn Fighter began the quest for the Orb.
     0 | D:1      | Reached XP level 1. HP: 18/18 MP: 1/1
    34 | D:1      | Reached skill level 2 in Polearms
   202 | D:1      | Gained mutation: You may rarely emit foul miasma when
                  | damaged in melee. [demonic ancestry]
   202 | D:1      | Reached XP level 2. HP: 24/24 MP: 2/2
   489 | D:1      | Reached skill level 3 in Polearms
   673 | D:1      | Found a faded altar of an unknown god.
   880 | D:2      | Reached XP level 3. HP: 29/29 MP: 3/3
  1308 | D:2      | Noticed Jessica
  1316 | D:2      | Killed Jessica
  1491 | D:2      | Reached skill level 4 in Polearms
  1491 | D:2      | Reached XP level 4. HP: 29/35 MP: 4/4
  1647 | D:2      | Found a burning altar of Makhleb.
  2490 | D:3      | Gained mutation: You sometimes emit foul miasma when
                  | damaged in melee. [demonic ancestry]
  2490 | D:3      | Reached XP level 5. HP: 41/41 MP: 5/5
  2689 | D:4      | Noticed an ogre
  2960 | D:4      | Noticed Duvessa
  2974 | D:4      | Killed Duvessa
  2974 | D:4      | Noticed Dowan
  2975 | D:4      | Reached skill level 5 in Polearms
  2990 | D:4      | Killed from afar by Dowan

Illustrated notes

Levels and vault maps discovered:
D:1:      ncdulo_smallfort, layout_rooms, shapermc_ecumenical_altar_acropolis,
          minmay_3d_cube
D:2:      layout_basic, basic_altar, uniq_jessica
D:3:      layout_basic
D:4:      layout_loops_corners, uniq_duvessa

Skill      XL: |  1  2  3  4  5 |
---------------+----------------+-----
Polearms       | 2 3 4 5 |  5.6
Fighting       | |  3.0
Armour         | |  2.6
Shields        | |  2.6

Action                   |  1- 3 |  4- 6 || total
-------------------------+-------+-------++-------
Melee: Trident           |   120 |   101 ||   221
Throw: Dart              |       |    11 ||    11
  Use: Potion            |     1 |     1 ||     2
Armor: Scale mail        |    54 |    37 ||    91
Dodge: Dodged            |    23 |    19 ||    42
Block: Kite shield       |    44 |    36 ||    80
